 Dungeon Sprint DCSS version bcrawl-1.27.1d (webtiles) character file.

Game seed: 1087917265983784883

383738 Freyura the Magician (level 4, 0/37 HPs)
             Began as a Mummy Necromancer on July 16, 2020.
             Was a Follower of Kikubaaqudgha.
             Slain by an adder skeleton (3 damage)
             ... in the Dungeon (Sprint V: "Ziggurat Sprint").
             The game lasted 00:02:54 (160 turns).

Freyura the Magician (Mummy Necromancer)             Turns: 160, Time: 00:02:54

Health: 0/37       AC:  2    Str: 23    XL:     4   Next: 79%
Magic:  9/13       EV: 12    Int: 39    God:    Kikubaaqudgha [*.....]
Gold:   0          SH:  0    Dex: 24    Spells: 16/18 levels left

rFire    x . .     SeeInvis .   t - +6 Majin-Bo {vamp, *Drain Str+12 Int+24}
rCold    + . .     Gourm    .   (shield currently unavailable)
rNeg     + + +     Faith    .   b - +0 robe
rPois    ∞         Spirit   .   (no helmet)
rElec    .         Reflect  .   (no cloak)
rCorr    .         Harm     .   (no gloves)
MR       .....     Clarity  +   (no boots) Stlth +++.......NoTele +
                                (no amulet)
HPRegen  0.12/turn              n - +6 ring of dexterity
MPRegen  0.13/turn              m - +6 ring of dexterity

@: no status effects
A: no food or potions, fire vulnerability, clarity, cold resistance 1, negative
energy resistance 3, torment resistance, unbreathing
a: Receive Corpses, Renounce Religion


You were in the Dungeon.
You worshipped Kikubaaqudgha.
Kikubaaqudgha was aware of your devotion.
You were not hungry.

You visited 1 branch

Inventory:

Hand Weapons
 a - a +5 quick blade
 t - the +6 Majin-Bo (weapon) {vamp, *Drain Str+12 Int+24}
   (You found it in the Dungeon)

   It inflicts no extra harm, but heals its wielder when it wounds a living foe.
   It affects your strength (+12).
   It affects your intelligence (+24).
   It causes draining when unequipped.
Armour
 b - a +0 robe (worn)
Jewellery
 l - the ring of Ygriablag {+Fly rElec}
   (You found it in the Dungeon)

   [ring of flight]

   It insulates you from electricity.
   It lets you fly.
 m - a +6 ring of dexterity (right hand)
 n - a +6 ring of dexterity (left hand)
 o - a +6 ring of intelligence
 p - a +6 ring of intelligence
 q - a +6 ring of strength
 r - a +6 ring of strength
Wands
 i - a wand of disintegration (7)
 j - a wand of iceblast (7)
 k - a wand of acid (7)
Scrolls
 c - 4 scrolls of amnesia
 d - 4 scrolls of blinking
 e - 7 scrolls of fog
 f - 5 scrolls of identify
 g - 5 scrolls of remove curse
 h - 2 scrolls of fear
Miscellaneous
 s - a lightning rod (4/4)
 u - a phantom mirror


   Skills:
 + Level 4.0 Fighting
 + Level 3.3 Staves
 - Level 1.5 Dodging
 - Level 2.1 Stealth
 * Level 7.7 Spellcasting
 + Level 5.8 Necromancy


You had 16 spell levels left.
You knew the following spells:

 Your Spells              Type           Power        Failure   Level  Hunger
a - Animate Skeleton      Necr           N/A          1%          1    N/A
b - Pain                  Necr           ######       1%          1    N/A

Your spell library contained the following spells:

 Spells                   Type           Power        Failure   Level  Hunger
 Vampiric Draining        Necr           ######....   1%          3    N/A
 Animate Dead             Necr           N/A          2%          4    N/A
 Bolt of Draining         Conj/Necr      #####.....   21%         5    N/A
 Regeneration             Chrm/Necr      Unusable     N/A         3    N/A

Dungeon Overview and Level Annotations

Branches:
Dungeon (1/1)

Altars:
Ashenzari
Cheibriados
Dithmenos
Elyvilon
Fedhas
Gozag
Hepliaklqana
Kikubaaqudgha
Lugonu
Makhleb
Nemelex Xobeh
Okawaru
Qazlal
Ru
Sif Muna
Trog
Uskayaw
Vehumet
Wu Jian
Xom
Yredelemnul
Zin
The Shining One
Beogh
Jiyva

Annotations:
D 1 transporter


Innate Abilities, Weirdness & Mutations

You do not eat or drink.
Your flesh is vulnerable to fire.
You are immune to poison.
You possess an exceptional clarity of mind.
Your flesh is cold resistant. (rC+)
You are immune to negative energy. (rN+++)
You are immune to unholy pain and torment.
You can survive without breathing.


Message History

The bat zombie barely misses you. The bat zombie hits you.
* * * LOW HITPOINT WARNING * * *
The adder skeleton bites you but does no damage.
The bat zombie hits you but does no damage.
The necrophage barely misses you. The necrophage closely misses you.
The adder skeleton barely misses you. The bat zombie barely misses you.
You thump the necrophage!
You destroy the necrophage!
Kikubaaqudgha accepts your kill.
You can now receive cadavers from Kikubaaqudgha.
You see here Kikubaaqudgha's Tome of Evil.
Kikubaaqudgha grants you a gift!
Your Fighting skill gained 2 levels and is now at level 4!
Your Staves skill increases to level 3!
Your Spellcasting skill gained 2 levels and is now at level 7!
Your Necromancy skill increases to level 5!
You have reached level 4!
The bat zombie barely misses you. x2; The adder skeleton bites you.
You die...
Kikubaaqudgha rasps: "You have failed me!
Welcome... oblivion!"

▓▓▓▓▓▓▓▓▓▓▓▓▓
▓.8©8.▓.8©8.▓
▓.))}.▓.....▓
▓.....▓.....▓
▓.....▓..)..▓
▓.....▓.....▓
▓.Z.Z.▓..©..▓
▓..@..▓▓▓▓▓▓▓
▓▓▓▓▓▓▓


You could see a bat zombie and an adder skeleton.

Vanquished Creatures
  A necrophage (D)
  An iron imp (D)
  An ufetubus (D)
3 creatures vanquished.

Notes
Turn   | Place    | Note
-------+----------+-------------------------------------------
     0 | D        | Freyura the Mummy Necromancer began the quest for the Orb.
     0 | D        | Reached XP level 1. HP: 13/13 MP: 4/4
     0 | D        | Found a blossoming altar of Fedhas.
     1 | D        | Found the +6 Majin-Bo {vamp, *Drain Str+12 Int+24}
     1 | D        | Found the +7 great mace "Firestarter" {inner flame, rF++}
     1 | D        | Found a shimmering blue altar of Sif Muna.
     1 | D        | Found a sacrificial altar of Ru.
     1 | D        | Found a bloodstained altar of Trog.
     1 | D        | Found a stormy altar of Qazlal.
     1 | D        | Found an iron altar of Okawaru.
     1 | D        | Found a sparkling altar of Nemelex Xobeh.
     2 | D        | Found a transporter.
     2 | D        | Found an ancient bone altar of Kikubaaqudgha.
     2 | D        | Found a viscous altar of Jiyva.
     2 | D        | Found a corrupted altar of Lugonu.
     2 | D        | Found a hazy altar of Hepliaklqana.
     2 | D        | Found a burning altar of Makhleb.
     2 | D        | Found an opulent altar of Gozag.
    11 | D        | Got the ring of Ygriablag {+Fly rElec}
    18 | D        | Found the +9 heavy crossbow "Sniper" {velocity, Acc+∞ SInv}
    18 | D        | Found the +10 dark maul {crush}
    18 | D        | Found the +15 Maxwell's patent armour {-Cast -Tele rElec
                  | MR+ rCorr}
    18 | D        | Found the +18 shield of the Gong {rElec rN+ MR+ EV-5}
    18 | D        | Found the cursed +14 obsidian axe {chop, +Fly SInv *Curse}
    32 | D        | Became a worshipper of Kikubaaqudgha
    48 | D        | Entered arena 2.
    48 | D        | Noticed an iron imp
    48 | D        | Found a transporter.
    49 | D        | Reached skill level 1 in Fighting
    49 | D        | Reached skill level 1 in Staves
    49 | D        | Reached skill level 3 in Spellcasting
    53 | D        | Killed an iron imp
    53 | D        | Reached skill level 5 in Spellcasting
    53 | D        | Reached XP level 2. HP: 9/23 MP: 5/8
    53 | D        | Reached XP level 3. HP: 11/28 MP: 5/9
   145 | D        | Entered arena 3.
   145 | D        | Noticed a necrophage
   145 | D        | Found a transporter.
   160 | D        | Killed a necrophage
   160 | D        | Reached * piety under Kikubaaqudgha
   160 | D        | Identified Kikubaaqudgha's Tome of Evil (Kikubaaqudgha
                  | gifted it to you in the Dungeon)
   160 | D        | Received a gift from Kikubaaqudgha
   160 | D        | Reached skill level 7 in Spellcasting
   160 | D        | Reached skill level 5 in Necromancy
   160 | D        | Reached XP level 4. HP: 3/37 MP: 9/13
   160 | D        | Slain by an adder skeleton

Skill      XL: |  1  2  3 |
---------------+----------+-----
Fighting       | 2 4 |  4.0
Staves         | 2 3 |  3.3
Spellcasting   | 5 7 |  7.7
Necromancy     | 5 |  5.8
Dodging        | |  1.5
Stealth        | |  2.1

Action                   |  1- 3 |  4- 6 || total
-------------------------+-------+-------++-------
Melee: Quarterstaff      |    14 |       ||    14
Armor: Robe              |    13 |       ||    13
Dodge: Dodged            |    29 |     2 ||    31
